Match 45351993
Unlisted

Match 45351993
End
Scout Squad
Selects Special Operations Battlegroup
Selects M29 Weasel Recon Vehicle
M29 Weasel Recon Vehicle
Construct Weapon Support Center
M1919 Machine Gun Team
M1919 Machine Gun Team
M1919 Machine Gun Team
Construct Medical Station
Infantry Support Center
Engineer Squad
M3 Armored Personnel Carrier
Selects Raiding Flares
M3 Armored Personnel Carrier
Engineer Squad
Selects SSF Commando Squad
SSF Commando Squad
Advanced Logistics
SSF Commando Squad
Improved M9 Bazooka Rockets
Munitions Surplus
Selects P-47 Anti-Infantry Loiter
SSF Commando Squad
P-47 Anti-Infantry Loiter
Engineer Squad
Construct Tank Depot
Survival Training
P-47 Anti-Infantry Loiter
SSF Commando Squad
P-47 Anti-Infantry Loiter
M18 Hellcat Tank Destroyer
SSF Commando Squad
Selects Air Re-supply Operation
Selects M4A1 Sherman Whizbang
SSF Commando Squad
Bego
Mystery
Ra11
Gumshoe.Cambro
0
0

Comments sign in to comment!

No comments posted yet!